cohdb
Replays
Latest Replays
All Replays
Popular Replays
Top Player Replays
Match Explorer
How It Works
Community
CoH3 Stats
Reddit
Sign in to upload your games and track your stats! →
Sign in with Steam
Match 41698407
Unlisted
Match 41698407
Overview
Messages
Build Orders
End
Construct Infanterie Kompanie
Kettenkrad Recon Vehicle
Selects Breakthrough Battlegroup
Selects Assault Grenadiers
MG 42 Machine Gun Team
Grenadier Squad
MG 42 Machine Gun Team
Construct Luftwaffe Kompanie
Jäger Squad
Jäger Squad
GrW 34 Mortar Team
Support Elements
Wirbelwind Flakpanzer
Nuclear Viking
XRayCat
OUTPOST NS/WP
Whoops
💀Punisher💀
Darren3101
0
0
Comments
sign in to comment!
No comments posted yet!